Map: Ulrena

Players

범핀 - Winner!

  • Race: Zerg Zerg
  • League: Platinum

ILLBdA

  • Race: Protoss Protoss
  • League: Diamond

VOD

Have the link to the VOD?

Description

Time

  • Played on: Dec. 23, 2015, 9:55 a.m.
  • Length: 11:14
Show
View Real Time Build Order
Export as new Build Order

범핀 Zerg - Winner!

Build Orders: Hatch First 

Get SALT Encoding   

  12  0:01  Drone  
  13  0:12  Overlord  
  13  0:19  Drone  
  14  0:27  Extractor  
  14  0:28  Drone  
  14  0:31  Drone  
  16  0:36  Drone  
  17  0:45  Drone  
  18  0:59  Drone  
  19  1:11  Hatchery  
  19  1:14  Drone  
  19  1:22  Spawning Pool  
  19  1:25  Overlord  
  18  1:32  Drone, Extractor  
  18  1:39  Drone  
  19  1:54  Drone  
  21  2:17  Hatchery  
  21  2:18  Overlord, Queen  
  21  2:20  Zergling x2  
  23  2:31  Metabolic Boost  
  24  2:38  Zergling x4  
  26  2:46  Hatchery  
  25  2:59  Drone x2  
  25  3:04  Queen  
  29  3:15  Roach Warren  
  29  3:18  Zergling x4  
  30  3:27  Overlord  
  30  3:30  Drone  
  30  3:35  Zergling x4  
  31  4:01  Zergling x2  
  32  4:05  Zergling x10  
  35  4:11  Zergling x2  
  35  4:20  Queen  
  35  4:21  Roach x2  
  41  4:25  Zergling x2  
  37  4:40  Zergling x6  
  37  4:41  Zergling x2  
  40  4:47  Lair, Extractor  
  39  4:55  Queen  
  41  5:05  Zergling x4  
  43  5:12  Roach  
  44  5:15  Drone x3  
  47  5:29  Roach x2  
  47  5:31  Overlord  
  47  5:32  Spine Crawler  
  49  5:48  Glial Reconstitution  
  47  5:51  Drone x2  
  47  5:52  Roach  
  47  5:54  Drone x3  
  47  5:56  Spine Crawler  
  52  6:06  Overseer  
  52  6:10  Overseer  
  52  6:11  Roach  
  54  6:13  Hatchery, Roach  
  52  6:21  Roach x2  
  52  6:25  Roach  
  60  6:32  Roach  
  60  6:34  Roach  
  56  6:43  Roach x2  
  56  6:51  Roach x2  
  60  7:01  Overlord  
  60  7:18  Overlord  
  60  7:20  Drone  
  60  7:22  Evolution Chamber, Roach x3  
  66  7:31  Roach  
  66  7:33  Roach  
  66  7:36  Ravager x2  
  72  7:40  Ravager  
  73  7:48  Drone  
  73  7:49  Drone  
  75  7:52  Drone x2  
  77  8:18  Hydralisk Den, Zerg Ground Armor Level 1  
  76  8:20  Drone x3  
  76  8:21  Drone  
  76  8:23  Extractor  
  76  8:24  Drone x3  
  76  8:25  Extractor  
  81  8:33  Roach x2  
  69  8:43  Zergling x4  
  69  8:44  Zergling x4  
  73  8:54  Drone x2  
  75  8:58  Overlord  
  75  9:01  Muscular Augments  
  75  9:02  Hydralisk  
  75  9:04  Zergling x2  
  75  9:05  Drone  
  75  9:06  Drone  
  80  9:13  Zergling x2  
  81  9:17  Hydralisk x2  
  86  9:24  Drone x2  
  86  9:26  Overlord  
  86  9:28  Hydralisk  
  89  9:33  Drone  
  89  9:35  Overlord  
  90  9:44  Hydralisk x2  
  90  9:56  Hydralisk x2  
  91  10:11  Zergling x2  
  83  10:17  Zergling x2  
  78  10:24  Hydralisk, Queen  
  78  10:25  Hydralisk x2  
  86  10:30  Hydralisk x6  
  98  10:38  Extractor  
  98  10:41  Hydralisk x2  
Show
View Real Time Build Order
Export as new Build Order

ILLBdA Protoss 

Build Orders:  

Get SALT Encoding   

  12  0:01  Probe (Chrono Boost)  
  13  0:12  Probe (Chrono Boost)  
  14  0:22  Probe (Chrono Boost)  
  14  0:23  Pylon  
  15  0:41  Probe (Chrono Boost)  
  16  0:44  Forge  
  16  0:53  Probe (Chrono Boost)  
  17  1:03  Probe (Chrono Boost)  
  18  1:14  Probe (Chrono Boost)  
  18  1:16  Pylon  
  18  1:18  Pylon  
  19  1:20  Pylon  
  19  1:24  Probe (Chrono Boost)  
  20  1:35  Probe (Chrono Boost), Photon Cannon  
  21  1:43  Pylon  
  21  1:52  Gateway  
  21  2:01  Probe (Chrono Boost)  
  22  2:06  Assimilator  
  22  2:09  Assimilator  
  22  2:15  Pylon  
  22  2:19  Probe (Chrono Boost)  
  23  2:37  Photon Cannon  
  23  2:38  Probe (Chrono Boost)  
  23  2:40  Zealot  
  26  2:46  Cybernetics Core  
  26  2:59  Probe (Chrono Boost)  
  27  3:14  Probe (Chrono Boost)  
  28  3:25  Mothership Core (Chrono Boost)  
  28  3:26  Pylon x2  
  30  3:31  Adept (Chrono Boost)  
  30  3:33  Warp Gate  
  32  3:45  Probe, Photon Cannon  
  33  3:52  Pylon x2  
  35  3:55  Adept (Chrono Boost)  
  33  4:17  Probe  
  33  4:20  Adept (Chrono Boost)  
  35  4:29  Gateway x2  
  35  4:35  Gateway  
  33  4:47  Adept (Chrono Boost)  
  33  5:05  Photon Cannon  
  33  5:07  Pylon  
  33  5:10  Sentry (Chrono Boost)  
  35  5:21  Sentry x2 (Chrono Boost)  
  39  5:25  Pylon  
  37  5:53  Sentry, Nexus, Adept x2  
  37  5:54  Adept  
  45  6:02  Pylon  
  44  6:08  Robotics Facility  
  44  6:13  Sentry  
  46  6:30  Pylon  
  46  6:34  Adept x2  
  46  6:35  Adept  
  48  6:47  Probe  
  48  6:55  Immortal (Chrono Boost)  
  48  6:59  Probe  
  53  7:08  Sentry x2  
  55  7:10  Probe  
  55  7:11  Probe  
  59  7:20  Gateway  
  59  7:23  Probe  
  59  7:28  Gateway  
  60  7:41  Immortal (Chrono Boost)  
  60  7:42  Sentry  
  66  7:50  Adept  
  68  7:56  Pylon  
  68  7:57  Pylon  
  68  8:00  Probe  
  68  8:04  Assimilator x2  
  69  8:15  Adept  
  69  8:19  Adept x2  
  65  8:35  Adept x3  
  65  8:37  Immortal (Chrono Boost)  
  69  8:45  Probe  
  70  8:51  Probe  
  71  8:57  Probe  
  71  8:59  Stalker x2  
  76  9:12  Stalker  
  76  9:13  Stalker  
  80  9:17  Stalker  
  82  9:25  Stalker  
  84  9:33  Pylon  
  84  9:42  Probe  
  85  9:46  Warp Prism  
  85  9:48  Pylon  
  87  9:57  Adept x2  
  87  9:58  Adept  
  81  10:10  Sentry x2  
  81  10:11  Sentry  
  77  10:20  Immortal  
  81  10:42  Zealot x4  
  87  10:53  Probe  
Tags
 
Matchup
PvZ
Replay Pack
me
Add a new tag
Caveats
  • Supply blocks, unpowered buildings, or Contaminate may cause inaccurate times.
  • Supply counts are checked every 10 seconds.